 Dungeon Crawl Stone Soup version 0.24.1-8-ga250c9d538 (webtiles) character file.

Game seed: 5947878196683664485, levelgen mode: deterministic

3222 Peloso the Carver (level 9, 0/77 (78) HPs)
             Began as a Green Draconian Fighter on Apr 28, 2020.
             Was a Priest of Okawaru.
             Slain by a killer bee (3 damage)
             ... on level 8 of the Dungeon.
             The game lasted 00:16:13 (6198 turns).

Peloso the Carver (Green Draconian Fighter)         Turns: 6198, Time: 00:16:14

HP:   0/77 (78)     AC:  9    Str: 21    XL:     9   Next: 66%
MP:   8/9           EV: 13    Int:  9    God:    Okawaru [***...]
Gold: 490           SH: 12    Dex: 11    Spells: 8/8 levels left

rFire    . . .     SeeInvis .   a - +1 long sword
rCold    . . .     Gourm    +   b - +1 shield
rNeg     . . .     Faith    .   (armour unavailable)
rPois    +         Spirit   .   (helmet restricted)
rElec    .         Reflect  .   (no cloak)
rCorr    .         Harm     .   r - +0 pair of gloves
MR       .....                  m - +0 pair of boots
Stlth    ++........             k - amulet of the gourmand
HPRegen  0.22/turn              n - ring of attention
MPRegen  0.11/turn              q - ring of stealth

@: lethally poisoned (0 -> -1)
A: breathe noxious fumes, unfitting armour, poison resistance, cold-blooded, AC
+7
a: Breathe Noxious Fumes, Heroism, Renounce Religion


You were on level 8 of the Dungeon.
You worshipped Okawaru.
Okawaru was most pleased with you.
You were not hungry.

You visited 2 branches of the dungeon, and saw 9 of its levels.
You also visited: Sewer.

You collected 543 gold pieces.
You spent 53 gold pieces at shops.

Inventory:

Hand Weapons
 a - a +1 long sword (weapon)
Armour
 b - a +1 shield (worn)
 m - a +0 pair of boots (worn)
 r - a +0 pair of gloves (worn)
Jewellery
 k - an amulet of the gourmand (around neck)
 n - a ring of attention (left hand)
 q - a ring of stealth (right hand)
Wands
 w - a wand of polymorph (10)
Scrolls
 l - 5 scrolls of amnesia
 o - 4 scrolls of remove curse
 s - 2 scrolls of teleportation
 u - 7 scrolls of identify
 v - a scroll of acquirement {unknown}
 x - a scroll of enchant weapon
 y - a scroll of fear {unknown}
Potions
 c - 5 potions of might
 e - 4 potions of curing
 f - 2 potions of agility
 g - 2 potions of resistance
 h - a potion of berserk rage {unknown}
 i - 3 potions of haste
 j - 3 potions of brilliance {unknown}
 p - a potion of lignification {unknown}
 t - a potion of invisibility {unknown}
 z - a potion of degeneration {unknown}
 A - 7 potions of flight
 B - 2 potions of ambrosia {unknown}
 C - a potion of magic {unknown}
 D - a potion of mutation {unknown}
Comestibles
 d - 20 rations


   Skills:
 + Level 6.5 Fighting
 + Level 8.5 Long Blades
 + Level 6.1 Dodging
 + Level 3.2 Stealth
 + Level 7.2 Shields
 + Level 0.2 Invocations


You had 8 spell levels left.
You didn't know any spells.
Your spell library contained the following spells:

 Spells                   Type           Power        Failure   Level  Hunger
 Animate Skeleton         Necr           N/A          73%         1    ##.....
 Apportation              Tloc           #.....       73%         1    ##.....
 Confusing Touch          Hex            #.....       73%         1    ##.....
 Summon Small Mammal      Summ           #...         73%         1    ##.....


Dungeon Overview and Level Annotations

Branches:
Dungeon (8/15)             Temple (1/1) D:5           Sewer (visited)
   Lair: D:8-11

Altars:
Ashenzari
Cheibriados
Elyvilon
Gozag
Hepliaklqana
Kikubaaqudgha
Okawaru
Ru
Sif Muna
Trog
Uskayaw
Wu Jian
Yredelemnul
Zin

Shops:
D:4 *   D:5 ([!}(


Innate Abilities, Weirdness & Mutations

You can breathe blasts of noxious fumes.
Your lurid green scales are hard. (AC +7)
You cannot fit into any form of body armour.
Your system is resistant to poisons. (rPois)
You are cold-blooded and may be slowed by cold attacks.


Message History

You slash the queen bee!
You kill the queen bee!
Okawaru is honoured by your kill.
Okawaru will now gift you ammunition as you gain piety.
You feel sick.
The killer bee stings you but does no damage.
Unknown command.
You miss the killer bee. The killer bee stings you.
* * * LOW HITPOINT WARNING * * *
The killer bee stings you!
* * * LOW HITPOINT WARNING * * *
Unknown command.
You hit the killer bee.
The killer bee is moderately wounded.
You block the killer bee's attack.
Unknown command.
You miss the killer bee.
The killer bee is moderately wounded.
You block the killer bee's attack. The killer bee stings you.
You die...

..# ....)..........#
..# .....#.##.##..#
... ..# #.......# .#
###.####### ### #...#
.. #.#y# .# #.#y# #.#
#.#y# ..# ######.#@#
..# #.)....#.#
..#####.##.##.##.#
...........[...#.####
..#####.##.##.......#
...# ......##.##.##.#
#..### #............#
##.##########.##.#..#
#.......#.....#....#


You could see 3 killer bees.

Vanquished Creatures
  A queen bee (D:8)
  Eustachio (D:6)
  A black bear (D:8)
  Purgy (Sewer)
  2 sky beasts
  5 ogres
  An orc warrior (D:6)
  A phantom (D:5)
  2 necrophages
  3 centaurs
  Blork the orc (D:6)
  7 bullfrogs
  A scorpion (D:8)
  6 killer bees (D:8)
  A crimson imp (D:5)
  4 hounds
  2 orc priests (D:6)
  2 orc wizards
  2 iguanas
  6 worker ants
  A hound skeleton (D:7)
  10 adders
  A gnoll (D:1)
  2 oozes
  4 worms
  2 dart slugs
  3 leopard geckos
  11 orcs
  A ball python (Sewer)
  4 giant cockroaches
  12 goblins
  13 hobgoblins
  6 jackals
  9 kobolds
  3 quokkas
  6 bats
  13 frilled lizards
  A giant cockroach zombie (D:5)
  6 rats
158 creatures vanquished.

Notes
Turn   | Place    | Note
-------+----------+-------------------------------------------
     0 | D:1      | Peloso the Draconian Fighter began the quest for the Orb.
     0 | D:1      | Reached XP level 1. HP: 19/19 MP: 1/1
   137 | D:1      | Reached XP level 2. HP: 25/26 MP: 2/2
   320 | D:1      | Reached XP level 3. HP: 28/33 MP: 3/3
  1009 | D:2      | Reached skill level 3 in Long Blades
  1009 | D:2      | Reached XP level 4. HP: 27/40 MP: 4/4
  1558 | D:3      | Found a shattered altar of Ashenzari.
  1577 | D:3      | Reached XP level 5. HP: 33/46 MP: 5/5
  1848 | D:3      | Found a faded altar of an unknown god.
  1979 | D:4      | Found Burgh's Assorted Antiques.
  1993 | D:4      | Bought a murky green potion for 25 gold pieces
  1993 | D:4      | Bought a scroll labeled NUNWEL ROJASU for 28 gold pieces
  2009 | D:4      | Reached skill level 4 in Long Blades
  2533 | D:4      | Reached XP level 6. HP: 52/52 MP: 6/6
  2904 | D:5      | Entered Level 5 of the Dungeon
  2912 | D:5      | Reached skill level 1 in Stealth
  3146 | D:5      | Found Ketat's Antique Weapon Shoppe.
  3152 | D:5      | Reached skill level 5 in Long Blades
  3152 | D:5      | Your scales start taking on a lurid green colour.
  3152 | D:5      | Reached XP level 7. HP: 49/60 MP: 7/7
  3152 | D:5      | Gained mutation: Your system is resistant to poisons.
                  | (rPois) [Green Draconian growth]
  3187 | D:5      | Found Zurrasuf's Gadget Boutique.
  3211 | D:5      | Found a staircase to the Ecumenical Temple.
  3219 | Temple   | Entered the Ecumenical Temple
  3233 | Temple   | Became a worshipper of Warmaster Okawaru
  3268 | D:5      | Found Seuj's Antique Armour Boutique.
  3281 | D:5      | Found Weakk's Distillery.
  3460 | D:5      | Reached skill level 5 in Shields
  3463 | D:5      | Found Zixatwih's Weapon Shoppe.
  3607 | D:6      | Found an opulent altar of Gozag.
  3690 | D:6      | Noticed Eustachio
  3714 | D:6      | Killed Eustachio
  3714 | D:6      | Reached skill level 5 in Fighting
  3714 | D:6      | Reached skill level 6 in Long Blades
  3716 | D:6      | Reached XP level 8. HP: 55/68 MP: 8/8
  3735 | D:6      | Reached * piety under Okawaru
  3800 | D:6      | Noticed Blork the orc
  3830 | D:6      | Killed Blork the orc
  3830 | D:6      | Reached skill level 5 in Dodging
  3908 | D:6      | Found a glowing drain.
  3930 | Sewer    | Entered a sewer
  4090 | Sewer    | Noticed Purgy
  4114 | Sewer    | Killed Purgy
  4164 | Sewer    | Reached skill level 7 in Long Blades
  5023 | D:7      | Found a basalt altar of Yredelemnul.
  5143 | D:7      | Reached ** piety under Okawaru
  5166 | D:7      | HP: 3/69 [acid (7)]
  5580 | D:7      | Reached XP level 9. HP: 61/74 MP: 9/9
  5940 | D:8      | Reached skill level 8 in Long Blades
  6164 | D:8      | Noticed a queen bee
  6180 | D:8      | Reached *** piety under Okawaru
  6195 | D:8      | Killed a queen bee
  6196 | D:8      | HP: 3/77 [killer bee (8)]
  6198 | D:8      | Slain by a killer bee

Levels and vault maps discovered:
D:1:      kilobyte_arrival_exit_the_forest, layout_loops_ring, st_stairs_12
D:2:      layout_rooms, grunt_ministairs_10, minmay_pentomino_v4
D:3:      layout_loops_cross, chequers_ecumenical_altar_twisty, first_ration,
          cheibrodos_ashenzari_chains
D:4:      cheibrodos_greedy_goblins, layout_basic, serial_shops, shop_fountains
D:5:      layout_rooms, minmay_temple_entry_tees, serial_shops,
          nicolae_shop_temple_entry_statues_fountains, shop, shop, shop_coins,
          shop, hangedman_decor_riveting
D:6:      layout_rooms, cheibrodos_sewer_entry_bend, basic_altar,
          uniq_blork_the_orc, uniq_eustachio
D:7:      layout_basic, kennysheep_little_box
D:8:      layout_basic, david_nohive_1, minmay_increasing_density, uniq_joseph,
          uniq_gastronok
Temple:   nicolae_temple_the_god_donut

Skill      XL: |  1  2  3  4  5  6  7  8  9 |
---------------+----------------------------+-----
Long Blades    | 3 4 5 6 7 8 |  8.5
Fighting       | 4 5 6 |  6.5
Dodging        | 3 4 5 6 |  6.1
Shields        | 4 5 6 7 |  7.2
Stealth        | 1 2 3 |  3.2
Invocations    | |  0.2

Action                   |  1- 3 |  4- 6 |  7- 9 || total
-------------------------+-------+-------+-------++-------
Melee: Long sword        |    86 |   215 |   316 ||   617
       Tailslap          |     8 |    20 |    59 ||    87
Invok: Heroism           |       |       |     4 ||     4
 Abil: Breathe Noxious F |       |       |     6 ||     6
  Use: Scroll            |       |     3 |     9 ||    12
       Potion            |       |     2 |     2 ||     4
 Stab: Sleeping          |       |     1 |     2 ||     3
       Confused          |       |       |     7 ||     7
  Eat: Chunk             |       |    14 |     3 ||    17
       Ration            |       |       |     1 ||     1
Armor: Skin              |    38 |    71 |   108 ||   217
Dodge: Dodged            |    42 |   111 |   178 ||   331
Block: Shield            |    48 |   123 |   205 ||   376
       Rpst.: Long sword |    21 |    34 |    47 ||   102
